 Dungeon Sprint DCSS version 0.30.1-4-g462c640d31 (webtiles) character file.

Game seed: 15065220468684740344

434 Heoruswealwe the Imperceptible (level 6, -1/29 HPs)
             Began as a Spriggan Artificer on Sept 4, 2023.
             Was the Champion of Zin.
             Slain by Sonja
             ... wielding a +0 dagger of venom
              (2 damage)
             ... in the Dungeon (Sprint I: "Red Sonja").
             The game lasted 00:03:48 (153 turns).

Heoruswealwe the Imperceptible (Spriggan Artificer)  Turns: 153, Time: 00:03:48

Health: -1/29      AC:  2    Str:  8    XL:     6   Next: 68%
Magic:  7/7        EV: 18    Int: 12    God:    Zin [******]
Gold:   268        SH:  0    Dex: 18    Spells: 5/5 levels left

rFire   . . .        a - +5 dagger (venom)
rCold   . . .        (no shield)
rNeg    . . .        c - +0 robe
rPois   .            (helmet restricted)
rElec   .            (no cloak)
rCorr   .            (gloves unavailable)
SInv    +            (boots unavailable)
Will    +....        (no amulet)
Stlth   ++++++++     k - ring of flight
HPRegen 0.24/turn    (no ring)
MPRegen 0.10/turn

%: no teleportation
@: lethally poisoned (-1 -> -16), flying, slowed, quick
A: very small, no large weapons, unfitting armour, see invisible, speed 3
a: Renounce Religion, Recite, Vitalisation, Imprison, Sanctuary, Donate Gold


You were in the Dungeon.
You worshipped Zin.
Zin was exalted by your worship.
You visited 1 branch You collected 297 gold pieces.
You donated 29 gold pieces to Zin.

Inventory:

Hand Weapons
 a - a +5 dagger of venom (weapon)
Armour
 c - a +0 robe (worn)
Jewellery
 k - a ring of flight (left hand)
Wands
 b - a wand of flame (13) (quivered)
 d - a wand of charming (15)
 e - a wand of iceblast (3)
 l - a wand of light (3)
Scrolls
 i - a scroll of blinking
Potions
 h - a potion of haste


   Skills:
 - Level 0.7 Fighting
 - Level 3.2 Dodging
 + Level 21.1 Stealth
 - Level 4.0 Evocations


You had 5 spell levels left.
You didn't know any spells.
Your spell library was empty.

Dungeon Overview and Level Annotations

Branches:
Dungeon (1/1)

Altars:
Cheibriados
Dithmenos
Elyvilon
Fedhas
Gozag
Hepliaklqana
Kikubaaqudgha
Nemelex Xobeh
Okawaru
Qazlal
Ru
Sif Muna
Trog
Uskayaw
Vehumet
Wu Jian
Yredelemnul
Zin
The Shining One

Shops:
D :

Annotations:
D Sonja


Innate Abilities, Weirdness & Mutations

You are very small and have problems with some larger weapons.
You are too small for most types of armour.
You have supernaturally acute eyesight. (SInv)
You cover ground extremely quickly. (Speed+++)


Message History

Sonja hits you with a +0 dagger of venom.
You are more poisoned.
Sonja barely misses you.
You feel much better.
You feel very sick.
Sonja hits you with a +0 dagger of venom. x2
Sonja completely misses you.
Sonja hits you with a +0 dagger of venom.
You are more poisoned.
Sonja hits you with a +0 dagger of venom.
Sonja hits you but does no damage.
You are more poisoned.
You feel better. Sonja misses you. x2
Sonja hits you with a +0 dagger of venom.
You are poisoned.
You feel sick.
You feel sick.
Sonja says, "If only old Madame Brzewit could see me now!"
Sonja throws a curare-tipped dart.
The curare-tipped dart hits you.
You are lethally poisoned!
You have difficulty breathing.
* * * LOW HITPOINT WARNING * * *
You feel yourself slow down.
Aiming: Iceblast
Press: ? - help, Shift-Dir - straight line, f - Sonja
Aim: Sonja, wielding a +0 dagger of venom and quivering curare-tipped darts (moderately wounded, very poisoned)
Okay, then.
Aiming: Bolt of Light
Press: ? - help, Shift-Dir - straight line, f - Sonja
Aim: Sonja, wielding a +0 dagger of venom and quivering curare-tipped darts (moderately wounded, very poisoned, 33% to hit)
The bolt of light misses Sonja.
* * * LOW HITPOINT WARNING * * *
You feel very sick.
Sonja says, "I'm academy-trained, you know."
Sonja closely misses you. x2
Sonja hits you with a +0 dagger of venom.
Zin protects you from harm! Sonja attacks as you move away!
Sonja hits you with a +0 dagger of venom.
You die...

#..####..#...#.#
#..#__####..##(#
#..#_____##'#_.+
#⌠⌠#_.∩..†'..._#
####_..__##_.#'#
#_____###'#(#
#########.###


+$K$+ #$@$# ##.## #+# You could see Sonja (very poisoned).

Vanquished Creatures
  Sigmund (D)
  A yak (D)
  An ogre (D)
  A jelly (D)
  Ijyb (D)
5 creatures vanquished.

Notes
Turn   | Place    | Note
-------+----------+-------------------------------------------
     0 | D        | Heoruswealwe the Spriggan Artificer began the quest for the
                  | Orb.
     0 | D        | Reached XP level 1. HP: 9/9 MP: 2/2
     1 | D        | Noticed Ijyb
     3 | D        | Killed Ijyb
     4 | D        | Reached skill level 9 in Stealth
     4 | D        | Reached XP level 2. HP: 5/14 MP: 3/3
    51 | D        | Noticed an ogre
    54 | D        | Killed an ogre
    55 | D        | Reached skill level 13 in Stealth
    55 | D        | Reached XP level 3. HP: 17/17 MP: 4/4
    55 | D        | Reached XP level 4. HP: 21/21 MP: 5/5
    63 | D        | Noticed Sigmund
    66 | D        | Killed Sigmund
    67 | D        | Reached skill level 18 in Stealth
    67 | D        | Reached XP level 5. HP: 25/25 MP: 6/6
    78 | D        | Found an ornate altar of the Wu Jian Council.
    78 | D        | Found a shimmering blue altar of Sif Muna.
    80 | D        | Found a radiant altar of Vehumet.
    92 | D        | Reached skill level 19 in Stealth
    92 | D        | Reached XP level 6. HP: 29/29 MP: 7/7
   123 | D        | Found Ynomyod's Book Emporium.
   123 | D        | Found an ancient bone altar of Kikubaaqudgha.
   123 | D        | Found a hazy altar of Hepliaklqana.
   123 | D        | Found a stormy altar of Qazlal.
   123 | D        | Found a hide-covered altar of Uskayaw.
   123 | D        | Found a blossoming altar of Fedhas.
   123 | D        | Found a bloodstained altar of Trog.
   123 | D        | Found an iron altar of Okawaru.
   123 | D        | Found a basalt altar of Yredelemnul.
   123 | D        | Found a glowing golden altar of the Shining One.
   123 | D        | Found a snail-covered altar of Cheibriados.
   123 | D        | Found a sacrificial altar of Ru.
   123 | D        | Found a glowing silver altar of Zin.
   123 | D        | Found a shadowy altar of Dithmenos.
   123 | D        | Found a white marble altar of Elyvilon.
   123 | D        | Noticed a yak
   124 | D        | Found an opulent altar of Gozag.
   125 | D        | Killed a yak
   126 | D        | Reached skill level 21 in Stealth
   126 | D        | Found a sparkling altar of Nemelex Xobeh.
   131 | D        | Became a worshipper of Zin the Law-Giver
   131 | D        | Reached * piety under Zin
   131 | D        | Reached ** piety under Zin
   131 | D        | Reached *** piety under Zin
   131 | D        | Reached **** piety under Zin
   131 | D        | Reached ***** piety under Zin
   131 | D        | Reached ****** piety under Zin
   140 | D        | Noticed Sonja
   152 | D        | HP: 1/29 [poisoned by Sonja (curare-tipped dart)]
   152 | D        | Zin protects you from harm!
   153 | D        | Slain by Sonja

Illustrated notes

Levels and vault maps discovered:
D:        dungeon_sprint_1 [red_sonja_temple_1, red_sonja_temple_small_1]

Skill      XL: |  1  2  3  4  5  6 |
---------------+-------------------+-----
Stealth        | 9 13 18 19 21 | 21.1
Fighting       | |  0.7
Dodging        | |  3.2
Evocations     | |  4.0

Action                     |  1- 3 |  4- 6 || total
---------------------------+-------+-------++-------
  Melee: Dagger            |     1 |     5 ||     6
  Evoke: Wand              |     2 |     3 ||     5
    Use: Potion            |       |     2 ||     2
   Stab: Sleeping          |     1 |     2 ||     3
 Armour: Robe              |       |     1 ||     1
  Dodge: Dodged            |       |    10 ||    10
